Map: Frozen Temple

Players

GsGgodwin

  • Race: Protoss Protoss
  • League: Gold
  • Spawn Location: 5:00

Fropez - Winner!

  • Race: Protoss Protoss
  • League: Gold
  • Spawn Location: 11:00

VOD

Have the link to the VOD?

Description

Time

  • Played on: Nov. 16, 2016, 6:01 p.m.
  • Length: 15:42
Show
View Real Time Build Order
Export as new Build Order

GsGgodwin Protoss 

Build Orders: Nexus First 

Get SALT Encoding   

  12  0:01  Probe (Chrono Boost)  
  13  0:11  Probe (Chrono Boost)  
  14  0:22  Probe (Chrono Boost)  
  15  0:35  Pylon  
  15  0:54  Nexus  
  15  1:07  Gateway  
  15  1:20  Gateway  
  15  1:26  Probe (Chrono Boost)  
  15  1:27  Assimilator  
  16  1:33  Assimilator  
  16  1:37  Probe (Chrono Boost)  
  17  1:47  Probe (Chrono Boost)  
  18  1:54  Zealot  
  18  1:58  Probe (Chrono Boost)  
  22  2:08  Probe x2 (Chrono Boost), Cybernetics Core  
  23  2:17  Zealot  
  25  2:24  Zealot  
  25  2:29  Probe (Chrono Boost)  
  28  2:32  Probe (Chrono Boost)  
  29  2:41  Pylon  
  29  2:43  Probe (Chrono Boost)  
  30  2:47  Probe (Chrono Boost)  
  30  2:51  Warp Gate (Chrono Boost)  
  31  2:57  Adept (Chrono Boost)  
  33  3:02  Adept (Chrono Boost)  
  35  3:06  Probe  
  35  3:09  Probe  
  37  3:20  Forge  
  37  3:21  Probe  
  37  3:23  Probe  
  39  3:30  Stalker (Chrono Boost)  
  41  3:35  Stalker (Chrono Boost)  
  41  3:39  Probe  
  44  3:41  Probe, Protoss Ground Weapons Level 1 (Chrono Boost)  
  45  3:52  Twilight Council  
  45  4:12  Probe  
  45  4:15  Pylon  
  46  4:20  Pylon  
  46  4:23  Pylon  
  46  4:26  Pylon  
  46  4:29  Pylon x2  
  46  4:32  Resonating Glaives (Chrono Boost)  
  32  5:18  Probe, Protoss Ground Weapons Level 2  
  32  5:19  Probe  
  34  5:23  Nexus  
  34  5:30  Nexus  
  34  5:35  Gateway  
  34  5:37  Gateway  
  34  5:39  Probe  
  34  5:40  Probe  
  34  5:41  Gateway  
  36  5:50  Pylon  
  36  5:52  Pylon  
  36  5:58  Mothership Core  
  36  5:59  Probe  
  36  6:01  Pylon, Assimilator  
  39  6:06  Blink (Chrono Boost)  
  39  6:16  Robotics Facility  
  39  6:19  Probe, Stargate  
  39  6:20  Probe  
  41  6:37  Stalker x3  
  41  6:39  Adept  
  50  6:47  Probe  
  50  6:48  Probe  
  50  6:49  Probe x2  
  53  7:00  Probe x2  
  53  7:01  Probe x2, Dark Shrine  
  57  7:09  Stalker  
  57  7:10  Stalker  
  57  7:12  Stalker  
  63  7:19  Adept  
  63  7:20  Adept  
  67  7:27  Observer  
  68  7:30  Oracle  
  68  7:33  Protoss Ground Weapons Level 3  
  71  7:37  Probe x2  
  71  7:38  Assimilator  
  71  7:40  Probe  
  71  7:41  Assimilator  
  74  7:44  Probe  
  74  7:45  Assimilator  
  74  7:47  Probe  
  74  7:49  Probe  
  74  7:50  Probe  
  77  7:55  Pylon  
  78  7:59  Immortal  
  78  8:01  Probe  
  83  8:06  Probe  
  84  8:19  Stalker x3  
  90  8:21  Adept  
  90  8:23  Adept  
  94  8:28  Probe  
  94  8:29  Probe  
  96  8:39  Probe  
  93  8:47  Stalker  
  93  8:48  Stalker x4  
  85  9:24  Void Ray  
  85  9:26  Probe, Immortal  
  85  9:27  Probe  
  95  9:34  Assimilator  
  95  9:35  Probe  
  96  9:46  Dark Templar  
  96  9:47  Dark Templar  
  96  9:48  Dark Templar  
  96  9:50  Dark Templar  
  104  9:57  Probe  
  104  9:58  Probe  
  105  10:03  Gateway  
  105  10:06  Gateway x2  
  106  10:09  Gateway  
  106  10:10  Pylon  
  106  10:11  Gateway  
  106  10:12  Protoss Shields Level 1, Probe  
  106  10:14  Immortal  
  107  10:16  Void Ray (Chrono Boost)  
  115  10:30  Adept x2  
  115  10:31  Adept x3  
  115  11:04  Nexus  
  92  11:15  Stalker x2  
  92  11:16  Stalker x3  
  92  11:32  Immortal  
  98  11:40  Void Ray (Chrono Boost)  
  98  12:01  Probe  
  99  12:04  Probe  
  100  12:13  Probe  
  99  12:16  Probe  
  84  12:25  Probe  
  69  12:37  Probe  
  66  12:47  Immortal  
  70  12:52  Void Ray (Chrono Boost)  
  70  12:55  Probe  
  70  12:57  Probe  
  65  13:01  Probe  
  59  13:13  Probe  
  60  13:25  Probe  
  60  13:27  Nexus  
  59  13:37  Probe  
  50  13:49  Probe x2  
  50  13:54  Probe  
  53  13:59  Stalker  
  53  14:00  Stalker x3  
  53  14:01  Probe  
  62  14:04  Probe  
  62  14:05  Observer  
  68  14:10  Void Ray (Chrono Boost)  
  66  14:25  Stalker  
  66  14:26  Stalker x2  
Show
View Real Time Build Order
Export as new Build Order

Fropez Protoss - Winner!

Build Orders: 1 Gate Expand, Zealot Archon 

Get SALT Encoding   

  12  0:01  Probe (Chrono Boost)  
  13  0:11  Probe (Chrono Boost)  
  14  0:20  Pylon  
  14  0:34  Probe (Chrono Boost)  
  15  0:39  Gateway  
  15  0:45  Probe (Chrono Boost)  
  16  0:55  Probe (Chrono Boost)  
  17  1:14  Nexus  
  17  1:18  Probe (Chrono Boost)  
  18  1:23  Assimilator  
  18  1:28  Probe (Chrono Boost)  
  19  1:35  Cybernetics Core  
  19  1:39  Probe (Chrono Boost)  
  20  1:50  Probe (Chrono Boost)  
  20  1:53  Gateway  
  21  2:03  Probe (Chrono Boost)  
  21  2:05  Assimilator  
  22  2:09  Pylon  
  22  2:11  Warp Gate (Chrono Boost)  
  22  2:25  Pylon, Probe  
  22  2:26  Probe  
  24  2:35  Probe  
  25  2:45  Mothership Core  
  27  2:51  Probe  
  27  2:57  Assimilator  
  28  2:59  Assimilator  
  28  3:09  Twilight Council  
  28  3:13  Pylon, Probe x2  
  30  3:23  Probe  
  30  3:25  Probe  
  32  3:34  Probe  
  33  3:42  Gateway  
  33  3:44  Gateway  
  33  3:49  Probe x2  
  33  3:52  Templar Archives  
  35  3:59  Probe  
  36  4:03  Charge (Chrono Boost)  
  36  4:07  Probe  
  37  4:14  Probe  
  38  4:20  Stalker  
  38  4:22  Stalker  
  42  4:27  Probe  
  42  4:28  Probe  
  43  4:39  Pylon  
  43  4:42  High Templar x2  
  47  4:49  High Templar  
  47  4:50  Pylon  
  47  4:52  Zealot  
  47  5:00  Archon  
  47  5:04  Probe  
  47  5:05  Probe  
  47  5:14  Probe  
  47  5:17  Probe  
  47  5:20  High Templar  
  47  5:21  High Templar  
  53  5:22  Nexus  
  53  5:25  Archon  
  53  5:26  Probe  
  54  5:32  Probe  
  54  5:33  Robotics Facility  
  55  5:37  Probe  
  56  5:43  Pylon  
  56  5:44  Probe  
  56  5:45  Zealot  
  59  5:50  Probe  
  59  5:51  Pylon  
  60  6:00  Probe  
  61  6:06  Probe  
  61  6:10  High Templar x3  
  68  6:12  Probe, Zealot  
  68  6:14  Archon  
  68  6:17  Probe  
  72  6:20  Pylon  
  72  6:22  Pylon  
  72  6:24  Probe  
  73  6:27  Pylon  
  73  6:28  Warp Prism  
  73  6:29  Psionic Storm  
  75  6:35  Zealot  
  77  6:45  Forge  
  77  6:49  Pylon  
  77  6:50  Probe  
  77  6:51  Probe  
  79  6:56  Pylon  
  79  7:04  Zealot x2  
  83  7:15  Assimilator  
  83  7:17  Assimilator  
  83  7:18  Protoss Shields Level 1 (Chrono Boost)  
  83  7:22  Pylon  
  83  7:25  Forge  
  83  7:26  Gateway  
  83  7:28  Probe x2  
  83  7:29  Probe, Gateway x2  
  85  7:35  Photon Cannon  
  86  7:42  Photon Cannon  
  86  7:50  High Templar x3  
  86  7:51  High Templar  
  94  7:53  Photon Cannon  
  94  8:03  Photon Cannon  
  94  8:07  Protoss Ground Weapons Level 1 (Chrono Boost)  
  94  8:10  Observer  
  95  8:20  Gateway  
  95  8:22  Gateway  
  95  8:26  High Templar x2  
  99  8:27  High Templar  
  99  8:29  Zealot x2  
  99  8:30  Zealot x2  
  99  8:31  Archon  
  101  9:01  Zealot x3  
  101  9:02  Zealot  
  100  9:03  Stalker  
  100  9:04  Stalker x2  
  106  9:12  Blink  
  106  9:16  Stalker  
  102  9:20  Probe x2  
  102  9:30  Photon Cannon  
  102  9:46  Gateway  
  102  9:47  Nexus  
  102  9:48  Pylon  
  102  9:50  Archon x2, Assimilator  
  102  9:52  Assimilator  
  102  9:55  Zealot  
  102  9:56  Pylon, Zealot x5  
  102  9:57  Zealot x2  
  102  9:59  Pylon  
  118  10:01  Pylon  
  118  10:07  Pylon  
  118  10:16  Warp Prism  
  118  10:19  Probe  
  118  10:21  Probe x2  
  123  10:30  Probe  
  122  11:02  Zealot x2  
  122  11:03  Zealot x5  
  122  11:04  Probe, Zealot x2  
  134  11:05  Probe  
  134  11:10  Gateway  
  136  11:11  Gateway  
  136  11:14  Gateway  
  136  11:20  Gateway x2  
  136  11:25  High Templar x3  
  120  11:26  High Templar x5  
  120  11:27  High Templar x2  
  120  11:29  Archon  
  120  11:30  Archon x3  
  120  11:31  Archon  
  126  11:45  Photon Cannon  
  120  11:48  Probe  
  120  11:49  Probe, Photon Cannon  
  120  11:50  Probe x2  
  120  11:52  Pylon, Photon Cannon  
  124  12:03  High Templar x3  
  124  12:04  High Templar x4  
  124  12:07  Archon x2  
  124  12:08  Archon  
  80  12:39  Zealot x3  
  80  12:40  Zealot x4  
  80  12:41  Zealot x3  
  99  12:48  High Templar x2  
  99  12:49  High Templar x3  
  92  12:52  Archon  
  92  12:53  Archon  
  67  13:13  Zealot x6  
  67  13:14  Zealot x3  
  85  13:21  Photon Cannon  
  85  13:22  Photon Cannon  
  85  13:23  Probe  
  85  13:24  Photon Cannon  
  85  13:25  Probe  
  87  13:45  Stalker x3  
  93  13:48  High Templar  
  93  13:50  High Templar  
  97  13:59  Probe  
  98  14:10  Probe  
  99  14:20  Probe  
  100  14:25  Zealot x2  
  100  14:26  Zealot x3  
  110  14:41  Probe  
  109  14:51  Probe  
  101  14:54  High Templar x4  
  101  14:55  High Templar x4  
  114  15:00  Archon x4  
  114  15:02  Probe  
  109  15:12  Probe  
  104  15:23  Probe  
  104  15:26  Zealot x4  
Tags
 
Composition
Zealot Archon
League
GoldGold
Matchup
PvP
Replay Pack
All Mines
Spawn Locations
Cross Positions
Add a new tag
Caveats
  • Supply blocks, unpowered buildings, or Contaminate may cause inaccurate times.
  • Supply counts are checked every 10 seconds.